Cogmind - Beta 13 @@@ ROGUE MODE // 2024.04.04 @ 22:30:08 Player: Abkaal Result: Destroyed by Shrapnel Trap Performance ------------- Evolutions (0) 0 Regions Visited (2) 400 Robots Destroyed (16) 80 Value Destroyed (366) 366 Prototype IDs (3) 60 Alien Tech Used (0) 0 Bonus (0) 0 TOTAL SCORE: 906 Bonus ------- None Cogmind --------- Core Integrity 0/250 Matter 300/300 Energy 100/100 System Corruption 0% Temperature Cool (6) Movement Flying (37) Location -10/Subcaves Parts ------- > --- POWER (1) -------- (None) > --- PROPULSION (2) --- Improved Flight Unit Improved Flight Unit > --- UTILITY (2) ------ Visual Processing Unit Signal Interpreter > --- WEAPON (2) ------- Light Assault Rifle Improved Light Cannon > --- INVENTORY (5) ---- Light Ion Engine Improved Flight Unit Improved Flight Unit ECM Suite Mining Laser Peak State ------------ > --- POWER ------------ Light Ion Engine > --- PROPULSION ------- Improved Flight Unit Improved Flight Unit > --- UTILITY ---------- Visual Processing Unit ECM Suite > --- WEAPON ----------- Light Assault Rifle Improved Light Cannon > --- INVENTORY -------- Light Ion Engine Improved Flight Unit Improved Flight Unit Hardened Light Armor Plating Hardened Light Armor Plating [Rating: 14] Favorites ----------- Power Light Ion Engine Engine Light Ion Engine Propulsion Improved Flight Unit Treads Light Treads Flight Unit Improved Flight Unit Utility Visual Processing Unit Device ECM Suite Storage Small Storage Unit Processor Visual Processing Unit Protection Hardened Light Armor Plating Weapon Light Assault Rifle Ballistic Gun Light Assault Rifle Ballistic Cannon Improved Light Cannon Special Weapon Mining Laser Build | -11 -10 -10 ------- Run | Yrd Mat Sub Slots Evolved . | . . . Power . | . . . Propulsion . | . . . Utility . | . . . Weapon . | . . . Parts Attached 24 | 6 16 2 Power 2 | 1 1 . Engine 2 | 1 1 . Core . | . . . Reactor . | . . . Propulsion 4 | 2 2 . Treads 2 | 2 . . Leg . | . . . Wheel . | . . . Hover . | . . . Flight 2 | . 2 . Utility 6 | 1 5 . Device 1 | . 1 . Storage 1 | 1 . . Processor 2 | . 2 . Hackware . | . . . Protection 2 | . 2 . Artifact . | . . . Weapon 12 | 2 8 2 Energy Gun . | . . . Energy Cannon . | . . . Ballistic Gun 6 | 2 4 . Ballistic Cannon 5 | . 4 1 Launcher . | . . . Special Weapon 1 | . . 1 Impact Weapon . | . . . Slashing Weapon . | . . . Piercing Weapon . | . . . Special Melee Weapon . | . . . Unidentified Prototypes 1 | . 1 . Parts Lost 1 | . . 1 Power 1 | . . 1 Propulsion . | . . . Utility . | . . . Weapon . | . . . Highest Loss Streak 1 | . . 1 To Critical Strikes . | . . . Average Slot Usage (%) 97 | . 95 100 Engine 14 | . 14 14 Treads 3 | . 8 . Flight 24 | . 18 28 Device 2 | . 6 . Storage 2 | . 4 . Processor 19 | . 7 28 Protection 1 | . 4 . Ballistic Gun 15 | . 18 14 Ballistic Cannon 11 | . 9 12 Naked Turns . | . . . Heaviest Build 15 | 10 15 8 Greatest Support 40 | 40 40 10 Greatest Overweight (x) 4 | 3 4 . Average Overweight (x) . | . . . Largest Inventory Capacity 8 | 8 8 5 Average Capacity 5 | 7 6 5 Most Carried 8 | 6 8 5 Average Carried 5 | 3 5 5 Final Capacity 8 | 8 5 5 Final Carried 6 | 6 5 5 Class Distribution -------------------- 100% | Mutant Dominant Class ---------------- Mutant | -10/Materials Mutant | -10/Subcaves Resources | -11 -10 -10 ----------- Run | Yrd Mat Sub Matter Collected 727 | 221 339 167 Remotely . | . . . Salvage Created 516 | . 486 30 Parts 38 | . 37 1 Haulers Intercepted 1 | . 1 . Recyclers Shooed . | . . . Parts Field Recycled . | . . . Retrieved Matter . | . . . Parts Self-Destructed 6 | . . 6 Prevented . | . . . Kills | -11 -10 -10 ------- Run | Yrd Mat Sub Combat Hostiles Destroyed 10 | . 9 1 Guns 8 | . 7 1 Cannons 2 | . 2 . Classes Destroyed 5 | . 5 . Hauler 1 | . 1 . Recycler 2 | . 2 . Watcher 3 | . 3 . Swarmer 3 | . 3 . Grunt 7 | . 6 1 Best Kill Streak 6 | . 6 1 Combat Bots Only 3 | . 3 1 Max Kills in Single Turn 1 | . 1 1 Gunslinging . | . . . Exploded . | . . . Melee . | . . . Uniques/NPCs Destroyed . | . . . Combat | -11 -10 -10 -------- Run | Yrd Mat Sub Hostile Shots Fired 76 | . 46 30 Missed 31 | . 14 17 Damage Taken 619 | . 340 279 Core 260 | . 93 167 Absorbed by Shields . | . . . Regen/Repaired (Parts) 10 | . 10 . Core Remaining (%) 100 | 100 . . Volleys Fired 90 | . 42 48 Largest 2 | . 2 2 Hottest 100 | . 59 100 Shots Fired 160 | . 84 76 Gun 91 | . 63 28 Cannon 49 | . 21 28 Launcher . | . . . Special 20 | . . 20 Kinetic 140 | . 84 56 Thermal 20 | . . 20 Explosive . | . . . Electromagnetic . | . . . Robot Hit Streak 12 | . 12 3 Robot Miss Streak 5 | . 5 1 Penetration Max . | . . . Secondary Targets . | . . . Shots Hit Robots 65 | . 57 8 Core Hits 30 | . 28 2 Critical Kills . | . . . Critical Parts Destroyed . | . . . Critical Strikes . | . . . Melee Attacks . | . . . Impact . | . . . Slashing . | . . . Piercing . | . . . Sneak Attacks . | . . . Combat Hostiles . | . . . Follow-up Attacks . | . . . Damage Inflicted 767 | . 663 104 Guns 381 | . 338 43 Cannons 382 | . 321 61 Explosions . | . . . Melee . | . . . Ramming 4 | . 4 . Kinetic 763 | . 659 104 Thermal . | . . . Explosive . | . . . Electromagnetic . | . . . Impact . | . . . Slashing . | . . . Piercing . | . . . Highest Corruption . | . . . Average Corruption . | . . . Corruption Purged . | . . . Corruption Blocked . | . . . Overload Shots . | . . . Overflow Damage . | . . . Projectiles . | . . . Explosions . | . . . Melee . | . . . Knockbacks 3 | . 2 1 Impact . | . . . Kinetic 3 | . 2 1 Secondary . | . . . Self-Inflicted Damage . | . . . Shots . | . . . Rammed 1 | . 1 . Targets Rammed 1 | . 1 . Kicked . | . . . Crushed . | . . . Highest Temperature 101 | . 101 . Average Temperature 33 | . 33 . Received Heat Transfer 237 | . 153 84 Siege Activations . | . . . Robots Corrupted . | . . . Combat Hostiles . | . . . Parts Fried . | . . . Impact Corruptions . | . . . Robots Melted . | . . . Combat Hostiles . | . . . Parts Melted . | . . . Heat Transferred . | . . . Parts Sabotaged . | . . . Parts Stolen . | . . . Parts Stripped . | . . . Power Chain Reactions . | . . . Alert | -11 -10 -10 ------- Run | Yrd Mat Sub Peak Influence 236 | . 236 . Initial . | . . . Average 90 | . 101 . Maximum Alert Level 1 | . 1 . Low Security (%) 78 | 100 76 . Level 1 21 | . 23 . Level 2 . | . . . Level 3 . | . . . Level 4 . | . . . Level 5 . | . . . High Security . | . . . Max Security . | . . . Squads Dispatched . | . . . Investigation . | . . . Extermination . | . . . Reinforcement . | . . . Assault . | . . . Garrison . | . . . Intercept . | . . . Searches Triggered . | . . . Construction Impeded . | . . . Haulers Reinforced . | . . . Active Scanning Responses . | . . . Cargo Convoy Interrupts . | . . . Stealth | -11 -10 -10 --------- Run | Yrd Mat Sub Distress Signals 3 | . 3 . Communications Jammed . | . . . Distress Signals . | . . . Times Spotted 33 | . 21 12 Peak Tracking Total 6 | . 3 6 Tactical Retreats 6 | . . 6 Traps | -11 -10 -10 ------- Run | Yrd Mat Sub Traps Triggered 1 | . . 1 Indirectly . | . . . Trap Hack Attempts . | . . . Triggered . | . . . Disarmed . | . . . Reprogrammed . | . . . Reused . | . . . Traps Extracted . | . . . Installed . | . . . Triggered . | . . . Machines | -11 -10 -10 ---------- Run | Yrd Mat Sub Machines Disabled 1 | . 1 . Max in Single Turn 1 | . 1 . Machines Repaired . | . . . Machines Dismantled . | . . . Machines Sabotaged . | . . . Overloaded Fab Kills . | . . . Hacking | -11 -10 -10 --------- Run | Yrd Mat Sub Machines Accessed 9 | . 8 1 Terminals 5 | . 5 . Fabricators . | . . . Repair Stations 1 | . 1 . Recycling Units 2 | . 2 . Scanalyzers . | . . . Garrison Access . | . . . Total Hacks 24 | . 23 1 Successful 15 | . 14 1 Failed 9 | . 9 . Catastrophic 2 | . 2 . Database Lockouts . | . . . Manual 70 | . 16 54 Terminals 18 | . 18 . Fabricators . | . . . Repair Stations 2 | . 2 . Recycling Units 3 | . 3 . Scanalyzers . | . . . Garrison Access . | . . . Terminal Hacks 10 | . 9 1 Record 1 | . . 1 Part Schematic 2 | . 2 . Robot Analysis 3 | . 3 . Prototype ID Bank 2 | . 2 . Alert Level 1 | . 1 . Locate Traps 1 | . 1 . Fabricator Hacks . | . . . Repair Station Hacks 2 | . 2 . Scan Component 1 | . 1 . Repair 1 | . 1 . Recycling Unit Hacks 3 | . 3 . Report Inventory 2 | . 2 . Retrieve Components 1 | . 1 . Scanalyzer . | . . . Garrison Access Hacks . | . . . Unauthorized Hacks . | . . . Terminals . | . . . Fabricators . | . . . Repair Stations . | . . . Recycling Units . | . . . Scanalyzers . | . . . Garrison Access . | . . . Data Cores Recovered . | . . . Used . | . . . Hacking Detections 5 | . 5 . Full Trace Events . | . . . Feedback Events . | . . . Feedback Blocked . | . . . Robot Schematics Acquired . | . . . Robots Built . | . . . Authchips . | . . . Time . | . . . Total Robot Build Rating . | . . . Part Schematics Acquired 2 | . 2 . Parts Built . | . . . Authchips . | . . . Time . | . . . Total Part Build Rating . | . . . Parts Repaired 1 | . 1 . Time 26 | . 26 . Parts Recycled . | . . . Recycled Matter . | . . . Retrieved Matter . | . . . Retrieved Components 10 | . 10 . Parts Scanalyzed . | . . . Part Schematics Acquired . | . . . Parts Damaged . | . . . Bothacking | -11 -10 -10 ------------ Run | Yrd Mat Sub Used RIF Installer . | . . . Robots Hacked . | . . . Non-combat . | . . . Combat . | . . . Robot Hacks Applied . | . . . Relay Couplers Released . | . . . Fabnet Peak Effective % . | . . . Robots Rewired . | . . . Allies Hacked . | . . . Hacks Repelled . | . . . Allies | -11 -10 -10 -------- Run | Yrd Mat Sub Total Allies . | . . . Largest Group . | . . . Highest-Rated Group . | . . . Highest-Rated Ally . | . . . Total Orders . | . . . Ally Attacks . | . . . Total Damage . | . . . Kills . | . . . Allies Corrupted . | . . . Allies Melted . | . . . Intel | -11 -10 -10 ------- Run | Yrd Mat Sub Robot Analysis Total 3 | . 3 . Derelict Logs Recovered 1 | . . 1 Drone Launches . | . . . Drone Recoveries . | . . . Exploration | -11 -10 -10 ------------- Run | Yrd Mat Sub Turns Passed 1803 | 93 733 977 Spaces Moved 2955 | 51 1002 1902 Core 8 | 7 1 . Treads 137 | 44 93 . Legs . | . . . Wheels . | . . . Hover . | . . . Flight 2810 | . 908 1902 Fastest Speed 37 | 50 37 37 Average Speed 43 | 155 48 37 Slowest Speed 250 | 200 250 37 Overloaded Moves . | . . . Propulsion Burnouts . | . . . Robots Hopped 22 | . 16 6 Cave-ins Triggered . | . . . Exploration Rate (%) 52 | 4 83 70 Regions Visited 2 Branch Regions 1 Pre-discovered Areas 1 | . . 1 Known Exits Taken 1 | . 1 . Unknown Exits Taken 1 | 1 . . Scrap Searched 9 | . . 9 Spaces Dug . | . . . Terrain Destroyed . | . . . Melee . | . . . Projectile . | . . . AOE . | . . . Terrain Rammed . | . . . Walls Destroyed . | . . . Machines Disabled . | . . . Actions | -11 -10 -10 --------- Run | Yrd Mat Sub Total 3281 | 62 1161 2058 Wait 200 | . 88 112 Move 2911 | 50 971 1890 Hop 20 | . 14 6 Pick Up 13 | 6 7 . Fast Attach 17 | 6 11 . Attach 2 | . 2 . Detach 3 | . 3 . Swap 5 | . 3 2 Drop 19 | . 19 . Fire 90 | . 42 48 Melee . | . . . Ram . | . . . Kick . | . . . Crush 1 | . 1 . Escape Stasis . | . . . Rewire . | . . . Trap . | . . . Miscellaneous . | . . . Route ------- -11/Scrapyard -10/Materials (discovered 4 exits: [*Mat x2] / *Min / *Sub) -10/Subcaves History --------- Turn | Location | Event 28 | -11/Scrapyard | Discovered new exit (range 15) 94 | -11/Scrapyard | Entered Materials 304 | -10/Materials | Build established: Mutant 434 | -10/Materials | Discovered new exit (range 6) 482 | -10/Materials | Discovered new exit (range 15) 511 | -10/Materials | Repaired Lgt. Ion Engine 519 | -10/Materials | Discovered new exit (range 16) 687 | -10/Materials | Discovered new exit (range 12) 774 | -10/Materials | Identified exit to Mines 800 | -10/Materials | Derelicts attacked the area 826 | -10/Materials | Identified exit to Subcaves 827 | -10/Materials | Entered Subcaves 833 | -10/Subcaves | Shifting Twisted Machinery released Scrap Shield 834 | -10/Subcaves | Shifting Twisted Machinery released Battle Cannon 1004 | -10/Subcaves | Learned Materials terminal intel 1005 | -10/Subcaves | A swath of the cavern ceiling suddenly collapsed 1005 | -10/Subcaves | Learned location of Zion (-6) 1005 | -10/Subcaves | Met a Zionite searching for "candidates" 1040 | -10/Subcaves | A Subdweller sparked back to life 1322 | -10/Subcaves | Core integrity fell below 50% 1550 | -10/Subcaves | Visited Clippyterm 1586 | -10/Subcaves | Core integrity fell below 20% 1804 | -10/Subcaves | Destroyed by Shrapnel Trap Last Messages --------------- 01550_ The door opens automatically. 01551_ Connecting with Clippyterm... >>Record! "Clippyterm" Welcome to Clippyterm v0.53, my misguided attempt to resurrect an ancient AI. I give up. There must be something fundamentally wrong with the algorithm, because no matter how much data I collect to feed it, half the time it still manages to suggest unhelpful sample queries and responses. --DD-NU8 01551_ Connecting with Clippyterm... 01644_ Acquired 9 matter. 01655_ Acquired 11 matter. 01656_ Subatomizers dissect the Flamer. 01796_ Acquired 17 matter. 01802_ Acquired 3 matter. 01804_ Triggered Shrapnel Trap. 01804_ An expanding cloud of shrapnel blasts out in all directions. 01804_ Lgt. Ion Engine destroyed. Map ----- +----------------------------------------------------+ | ?????????????????# #???## ##?????????????? | | ?????????????????# #####??## #?????????????? | | ????????????????## #??????# #?????????????? | | ????????????????# ##?????## ####????????????? | | ????????????????## ##??#### & ## #????????????? | | ???????????????### #??# =% #????????????? | | ???????????????# #??# ! % #????????????? | | ???????????????## ##### % #????????????? | | ????????????????## # ##????????????? | | ????????????????## ####?????????????? | | ????????????????# ###??????????????? | | ????????????????# # #########??????? | | ????????????????# ###### # ##?????? | | ????????????????# ##??## #?????? | | ????????????????# ###?## #?????? | | ????????????????## #### ##### #?????? | | #????????????????## ## # # ##????? | | #????????????????# #### #????? | | #????????????????## ### # #### #????? | | #?????????????????# ## # #?#### ###????? | | #????????????????## ## ### ##???###??????? | | #????????????????# ### #?# #####????????? | | #????????????????# #### #?# ##???????? | | ????#######??????## ### #?## ##??????? | | ???## ######### # % #??## # ##?????? | | ???# # # # @ ##### ## #?????? | | ??## ## ### ##% ## ## #?????? | | ### # ##### ][ ####### #?????? | | # #### # # #???# ^# ###?????####?????? | | #??##########???# #####????????????????? | | #???????????????###????????????????????? | | ###### #??????????????????????????????????????? | | #????# #??????????????????????????????????????? | | ##????####??????????????????????????????????????? | | #??????????????????????????????????????????????? | | ""#??????????????????????????????????????????????? | | ###??????????????????????????????????????????????? | | # ??????????????????????????????????????????????? | | ? ?????????????????????????????????????????????? | | ? ?????????????????????????????????????????????? | | ? ????????????????????????????????????????????? | | ### ????????????????????????????????????????????? | | #??## ???????????????????????????????????????????? | | #???? ???????????????????????????????????????????? | | ##???? ??????????????????????????????????????????? | | "#????"??????????????????????????????????????????? | | ##???????????????????????????????????????????????? | | #????????????????????????????????????????????????? | | ##???????????????????????????????????????????????? | | #???????????????????????????????????????????????? | +----------------------------------------------------+ Best States ------------- Heat Dissipation 25 Energy Generation 10 Energy Capacity 125 Matter Stores 300 Matter Capacity 300 Sight Range 18 Terrain Scan Density 10 ECM Strength 1 Armor Coverage 150 Evasion (%) 62 Recoil Reduction 2 Item Schematics ----------------- Flight Unit | -10/Materials | Hacked Ion Engine | -10/Materials | Hacked Robot Schematics ------------------ None Fabricated ------------ Nothing Alien Tech Used ----------------- None Achievements -------------- None Challenges ------------ None Game ------ Seed DeepGyrokineticTerminator Manual? 0 Play Time 00:47:31 Cumulative 18.1 hours Start 2024.04.04 @ 21:39:39 End 2024.04.04 @ 22:30:08 Sessions 1 Manual Loads 0 Difficulty Rogue Special Mode None Game No. 14 Rogue 14 Adventurer 0 Explorer 0 Win Type - Total 0 Types 0/0/0/0/0/0/0/0/0 Lore% 18 Gallery% 26 Achievement% 17 Wizard Run 0 Options --------- Layout 2 ASCII 0 Keyboard 1 Movement Numpad Keybinds 0 Fullscreen 1 Font 24/Smallcaps Map View 50x44 Zoom Use 0% Tactical HUD 1 Map Filters NONE Filters NONE Steam 1 RUN: 1c786fe1-ffda-488a-8e25-52a4aa14e6c0